 Dungeon Crawl Stone Soup version 0.27-a0-1590-g15f69828bf (webtiles) character file.

Game seed: 13256856638868853661

20449 pokeman the Eclecticist (level 12, -1/67 HPs)
             Began as a Deep Elf Hedge Wizard on July 18, 2021.
             Was an Elder of Vehumet.
             Slain by a tengu reaver (19 damage)
             ... on level 12 of the Dungeon.
             The game lasted 00:44:05 (16141 turns).

pokeman the Eclecticist (Deep Elf Hedge Wizard)    Turns: 16141, Time: 00:44:06

Health: -1/67      AC: 12    Str: 10    XL:     12   Next: 45%
Magic:  22/34      EV: 12    Int: 25    God:    Vehumet [****..]
Gold:   899        SH:  0    Dex: 14    Spells: 19/44 levels left

rFire    + . .     SeeInvis .   J - +8 rapier "Fokippy" {drain, *Slow rElec Str+3}
rCold    . . .     Faith    .   (no shield)
rNeg     . . .     Spirit   .   S - +0 troll leather armour
rPois    .         Reflect  .   c - +0 hat
rElec    +         Harm     .   r - +0 cloak
rCorr    .         Rampage  .   e - +0 pair of gloves
Will     +....                  o - +0 pair of boots
Stlth    ++........             (no amulet)
HPRegen  1.21/turn              d - +4 ring of protection
MPRegen  0.24/turn              i - ring of protection from fire

@: no status effects
A: no striking features
a: Renounce Religion


You were on level 12 of the Dungeon.
You worshipped Vehumet.
Vehumet was greatly pleased with you.
You visited 2 branches of the dungeon, and saw 13 of its levels.

You collected 899 gold pieces.

Inventory:

Hand Weapons
 h - a +2 short sword of venom
 q - a +2 quarterstaff of chaos
 J - the +8 rapier "Fokippy" (weapon) {drain, *Slow rElec Str+3}
   (You found it on level 7 of the Dungeon)

   A truly terrible weapon, it drains the life of any living foe it strikes.
   Str:       It affects your strength (+3).
   rElec:     It insulates you from electricity.
   *Slow:     It may slow you when you take damage.
 L - a +1 shortbow of freezing
Missiles
 f - 51 bolts
 y - 242 arrows
 D - 5 throwing nets
 N - 3 atropa-tipped darts
Armour
 c - a +0 hat (worn)
 e - a +0 pair of gloves (worn)
 o - a +0 pair of boots (worn)
 r - a +0 cloak (worn)
 A - a +0 kite shield
 M - +0 steam dragon scales
 S - a +0 troll leather armour (worn)
Magical Staves
 P - a staff of earth
Jewellery
 d - a +4 ring of protection (left hand)
 i - a ring of protection from fire (right hand)
 t - a ring of protection from cold
 G - a ring of protection from cold
 Q - a +4 ring of evasion
 X - a ring of positive energy
Wands
 l - a wand of flame (63)
 F - a wand of iceblast (6)
 T - a wand of charming (10)
Scrolls
 b - 3 scrolls of amnesia {unknown}
 g - 4 scrolls of enchant armour {unknown}
 j - a scroll of vulnerability {unknown}
 m - 3 scrolls of blinking {unknown}
 p - 6 scrolls of noise {unknown}
 v - 2 scrolls of fog {unknown}
 w - a scroll of magic mapping {unknown}
 x - 11 scrolls of identify {unknown}
 B - 5 scrolls of teleportation {unknown}
 E - a scroll of summoning {unknown}
 H - a scroll of acquirement {unknown}
 R - a scroll of holy word {unknown}
 U - a scroll of enchant weapon {unknown}
 W - a scroll of fear {unknown}
Potions
 a - 3 potions of lignification {unknown}
 k - 3 potions of heal wounds {unknown}
 n - 4 potions of curing {unknown}
 s - a potion of berserk rage {unknown}
 u - 4 potions of ambrosia {unknown}
 z - 2 potions of mutation {unknown}
 C - 3 potions of might {unknown}
 I - 2 potions of brilliance {unknown}
 K - a potion of magic {unknown}
 O - a potion of invisibility {unknown}
 V - 2 potions of flight


   Skills:
 + Level 4.6 Fighting
 - Level 4.1 Armour
 - Level 3.0 Dodging
 - Level 3.2 Stealth
 - Level 4.0 Shields
 * Level 16.6 Spellcasting
 + Level 10.3 Conjurations
 - Level 9.0 Summonings
 - Level 1.1 Translocations
 - Level 1.1 Fire Magic
 - Level 1.0 Air Magic
 + Level 3.8 Earth Magic
 - Level 1.0 Poison Magic
 - Level 1.0 Evocations


You had 19 spell levels left.
You knew the following spells:

 Your Spells              Type           Power      Damage    Failure   Level
a - Magic Dart            Conj           100%       1d8       1%          1
b - Mephitic Cloud        Conj/Pois/Air  41%        N/A       1%          3
c - Call Imp              Summ           60%        N/A       1%          2
d - Blink                 Tloc           N/A        N/A       3%          2
e - Conjure Flame         Conj/Fire      49%        6-21      1%          3
f - Foxfire               Conj/Fire      100%       2x1d9     1%          1
g - Stone Arrow           Conj/Erth      100%       3d13      1%          3
h - Swiftness             Air            25%        N/A       7%          3
i - Shadow Creatures      Summ           N/A        N/A       13%         6
j - Shock                 Conj/Air       100%       1d9       1%          1

Your spell library contained the following spells:

 Spells                   Type           Power      Damage    Failure   Level
 Hailstorm                Conj/Ice       46%        3d11      1%          4
 Passwall                 Tmut/Erth      25%        N/A       2%          2
 Inner Flame              Hex/Fire       23%        N/A       2%          3
 Animate Armour           Summ/Erth      100%       N/A       2%          4
 Pain                     Necr           80%        1d8       3%          1
 Ensorcelled Hibernation  Hex/Ice        40%        N/A       4%          2
 Slow                     Hex            20%        N/A       4%          2
 Airstrike                Air            12%        N/A       6%          4
 Spider Form              Tmut/Pois      11%        N/A       8%          3
 Borgnjor's Vile Clutch   Necr/Erth      15%        N/A       38%         5
 Alistair's Intoxication  Tmut/Pois      15%        N/A       58%         5
 Agony                    Necr           20%        N/A       67%         5
 Excruciating Wounds      Necr           10%        N/A       67%         5
 Eringya's Noxious Bog    Tmut/Pois      11%        N/A       67%         6
 Lehudib's Crystal Spear  Conj/Erth      27%        10d7      94%         8
 Invisibility             Hex            10%        N/A       99%         6


Dungeon Overview and Level Annotations

Branches:
Dungeon (12/15)            Temple (1/1) D:5            Lair (0/6) D:8
    Orc (0/2) D:10

Altars:
Cheibriados
Dithmenos
Fedhas
Gozag
Makhleb
Qazlal
Ru
Trog
Uskayaw
Vehumet
Beogh

Shops:
D:8 [

Annotations:
D:12 3 runed translucent doors, Woshoism's ghost, journeyman HuFi


Message History

There is an open door here.
Casting: Mephitic Cloud (safe; 1% risk of failure)
Confirm with . or Enter, or press ? or * to list all spells.
The fire begins to smoulder!
Unknown command.
The tengu reaver seems less confused.
The tengu reaver casts a spell at you. The bolt of cold hits you!!
* * * LOW HITPOINT WARNING * * *
The fire ignites!
Casting: Conjure Flame (safe; 1% risk of failure)
Confirm with . or Enter, or press ? or * to list all spells.
Aiming: Mephitic Cloud (safe; 1% risk of failure)
Press: ? - help, Shift-Dir - straight line, f/p - tengu reaver
Aim: a tengu reaver, wielding a +3 great sword of protection and wearing a +0 ring mail (lightly wounded, lightly drained, chance to affect: 24%)
The ball explodes into a vile cloud!
The stinking cloud engulfs the tengu reaver but does no damage.
The tengu reaver is lightly wounded.
The tengu reaver is engulfed in noxious fumes.
The tengu reaver appears confused.
Unknown command.
The tengu reaver is engulfed in blazing flames.
Casting: Mephitic Cloud (safe; 1% risk of failure)
Confirm with . or Enter, or press ? or * to list all spells.
Aiming: Stone Arrow (safe; 1% risk of failure)
Press: ? - help, Shift-Dir - straight line, f/p - tengu reaver
Aim: a tengu reaver, wielding a +3 great sword of protection and wearing a +0 ring mail (lightly wounded, confused, lightly drained, 84% to hit)
The stone arrow hits the tengu reaver!
The tengu reaver is moderately wounded.
Unknown command.
Casting: Stone Arrow (safe; 1% risk of failure)
Confirm with . or Enter, or press ? or * to list all spells.
Aiming: Stone Arrow (safe; 1% risk of failure)
Press: ? - help, Shift-Dir - straight line, f/p - tengu reaver
Aim: a tengu reaver, wielding a +3 great sword of protection and wearing a +0 ring mail (lightly wounded, confused, lightly drained, 84% to hit)
The stone arrow hits the tengu reaver.
The tengu reaver is moderately wounded.
The tengu reaver seems less confused.
The tengu reaver hits you with a +3 great sword of protection!!
You die...

#...#.......## #.#.....##...#..
#...#.......##. #.#.....##.÷.#..
#...#.......##.###.#.....##...#..
#...#.......# #.☼.##.....##...#..
#...#.......####§##......##...#..
#...#.......##...##......##...#..
#...#.......##...##.......)...#..
#...#.......##.Q.##..<........#..
#...#.......##..@##.([...........
#...#.......##...##.)....##.#####
....#.......##...##)###..##.#8...
....#.......##...##)# #..##.#....
....#.......##......# #..##.#.#8#
##..#.......##......# #..##.#.###
##..#.......##...##.# #..##.#.oo.
##.............[.##.# #..##.#oooW
##............)..##.# #..##.#####


You could see a tengu reaver (drained).

Vanquished Creatures
  A fire dragon (D:10)
  2 hydras
  A catoblepas (D:8)
  8 two-headed ogres
  A deep elf pyromancer (D:12)
  A manticore (D:12)
  4 cyclopes
  An elephant (D:8)
  Maggie (D:10)
  A kobold demonologist (D:11)
  3 trolls
  The ghost of DocClef the Covert, an amateur GnDe (D:4)
  3 slime creatures (D:8)
  2 hornets
  A shadow (D:9)
  3 wraiths
  A wyvern (D:8)
  6 yaks (D:10)
  5 vampire mosquitoes
  A basilisk (D:8)
  A steam dragon (D:8)
  3 acid dragons
  A warg (shapeshifter) (D:7)
  A water moccasin (D:6)
  6 orc warriors
  A swamp drake (D:10)
  2 black bears
  A sky beast (D:6)
  A hornet zombie (D:8)
  2 ogres (D:5)
  4 centaurs
  A phantom (D:5)
  2 bullfrogs
  A scorpion (D:7)
  A wyvern zombie (D:9)
  A water moccasin zombie (D:5)
  11 killer bees
  3 wights (D:7)
  An electric eel (D:10)
  2 howler monkeys
  4 hounds
  5 centaur zombies
  7 orc priests
  Crazy Yiuf (D:3)
  2 gnoll shamans
  Ijyb (D:3)
  5 iguanas
  A scorpion zombie (D:5)
  8 orc wizards
  3 howler monkey zombies
  A howler monkey skeleton (D:7)
  8 gnolls
  2 adders
  A shadow imp (D:6)
  3 white imps
  An ufetubus (D:4)
  4 worms
  2 adder skeletons (D:4)
  2 dart slugs (D:2)
  39 orcs
  7 ball pythons
  9 endoplasms
  6 goblins
  5 hobgoblins
  11 jackals
  8 kobolds
  2 quokkas
  10 bats
  2 frilled lizards (D:2)
  4 rats
257 creatures vanquished.

Vanquished Creatures (collateral kills)
  Harold (D:7)
  An orc (D:2)
2 creatures vanquished.

Vanquished Creatures (others)
  A killer bee (D:10)
  An electric eel (D:10)
  230 foxfires
  A fungus (D:8)
233 creatures vanquished.

Grand Total: 492 creatures vanquished

Notes
Turn   | Place    | Note
-------+----------+-------------------------------------------
     0 | D:1      | pokeman the Deep Elf Hedge Wizard began the quest for the
                  | Orb.
     0 | D:1      | Reached XP level 1. HP: 10/10 MP: 7/7
   319 | D:1      | Reached XP level 2. HP: 15/15 MP: 6/9
   449 | D:1      | Found a faded altar of an unknown god.
   975 | D:1      | Reached skill level 5 in Spellcasting
  1143 | D:2      | Reached XP level 3. HP: 20/20 MP: 8/11
  1147 | D:2      | Learned a level 3 spell: Mephitic Cloud
  1150 | D:2      | Learned a level 2 spell: Call Imp
  1153 | D:2      | Learned a level 2 spell: Blink
  1157 | D:2      | Learned a level 3 spell: Conjure Flame
  1497 | D:2      | Reached skill level 1 in Armour
  1507 | D:2      | Reached skill level 1 in Fighting
  1967 | D:3      | Noticed Ijyb
  1985 | D:3      | Killed Ijyb
  1986 | D:3      | Reached XP level 4. HP: 10/25 MP: 8/13
  2344 | D:3      | Reached skill level 1 in Fire Magic
  2635 | D:3      | Reached skill level 6 in Spellcasting
  2635 | D:3      | Reached XP level 5. HP: 28/29 MP: 10/15
  3089 | D:3      | Reached skill level 1 in Air Magic
  3307 | D:3      | Found a runed translucent door.
  3308 | D:3      | Noticed Crazy Yiuf
  3320 | D:3      | Killed Crazy Yiuf
  3466 | D:4      | Reached XP level 6. HP: 34/34 MP: 7/17
  3588 | D:4      | Reached skill level 1 in Poison Magic
  3925 | D:4      | Found a transporter.
  3926 | D:4      | Found a transporter.
  3926 | D:4      | Noticed DocClef's ghost (amateur GnDe)
  4015 | D:4      | Reached skill level 7 in Spellcasting
  4091 | D:4      | Learned a level 1 spell: Shock
  4095 | D:4      | Learned a level 3 spell: Swiftness
  4213 | D:5      | Entered Level 5 of the Dungeon
  4213 | D:5      | Found a staircase to the Ecumenical Temple.
  4222 | D:5      | Reached skill level 1 in Evocations
  4226 | D:5      | Learned a level 3 spell: Stone Arrow
  4234 | Temple   | Entered the Ecumenical Temple
  4239 | Temple   | Became a worshipper of Vehumet
  4406 | D:5      | Reached skill level 1 in Earth Magic
  4499 | D:5      | Reached XP level 7. HP: 39/39 MP: 10/20
  4756 | D:5      | Reached skill level 8 in Spellcasting
  5675 | D:4      | Killed DocClef's ghost
  5676 | D:4      | Reached skill level 1 in Shields
  5676 | D:4      | Reached XP level 8. HP: 20/44 MP: 0/22
  5933 | D:5      | Reached skill level 9 in Spellcasting
  6243 | D:6      | Learned a level 6 spell: Shadow Creatures
  6358 | D:6      | Noticed a two-headed ogre
  6381 | D:6      | Killed a two-headed ogre
  6381 | D:6      | Reached * piety under Vehumet
  6381 | D:6      | Offered knowledge of Sandblast by Vehumet.
  6382 | D:6      | Reached skill level 10 in Spellcasting
  6382 | D:6      | Reached skill level 5 in Conjurations
  6675 | D:6      | Reached XP level 9. HP: 43/48 MP: 25/25
  6840 | D:6      | Learned a level 1 spell: Foxfire
  7149 | D:7      | Noticed Harold
  7167 | D:7      | Killed Harold
  7168 | D:7      | Reached skill level 11 in Spellcasting
  7168 | D:7      | Reached skill level 5 in Summonings
  7190 | D:7      | Identified the +8 rapier "Fokippy" {drain, *Slow rElec
                  | Str+3}
  7793 | D:7      | Reached skill level 12 in Spellcasting
  8362 | D:8      | Noticed a troll
  8374 | D:8      | Killed a troll
  8374 | D:8      | Noticed a catoblepas
  8390 | D:8      | Offered knowledge of Poisonous Vapours by Vehumet.
  8391 | D:8      | Reached XP level 10. HP: 43/53 MP: 6/28
  8523 | D:7      | Reached ** piety under Vehumet
  8609 | D:8      | Killed a catoblepas
  8865 | D:8      | Paralysed by a hornet for 3 turns
  9039 | D:8      | Noticed an elephant
  9057 | D:8      | Killed an elephant
  9058 | D:8      | Reached skill level 13 in Spellcasting
  9103 | D:8      | Noticed a two-headed ogre
  9110 | D:8      | Killed a two-headed ogre
  9111 | D:8      | Noticed a two-headed ogre
  9282 | D:8      | Noticed a cyclops
  9286 | D:8      | Killed a cyclops
  9456 | D:8      | Found a staircase to the Lair.
  9571 | D:8      | Identified the +3 rapier "Tikudaid" {freeze, Will+}
  9749 | D:8      | Found Qaran's Antique Armour Emporium.
  9978 | D:8      | Killed a two-headed ogre
  9979 | D:8      | Reached skill level 14 in Spellcasting
  9979 | D:8      | Reached XP level 11. HP: 59/59 MP: 17/31
 10426 | D:9      | Identified the +1 spear of the Hall of Blades {vorpal, rN+}
 10501 | D:9      | Identified the +1 robe of Sycruixt {Stlth+}
 10565 | D:9      | Offered knowledge of Ignite Poison by Vehumet.
 10838 | D:10     | Entered Level 10 of the Dungeon
 10934 | D:10     | Noticed a two-headed ogre
 10940 | D:10     | Killed a two-headed ogre
 11033 | D:10     | Reached *** piety under Vehumet
 11141 | D:10     | Found a staircase to the Orcish Mines.
 11230 | D:10     | Offered knowledge of Olgreb's Toxic Radiance by Vehumet.
 11413 | D:10     | Noticed Maggie
 11426 | D:10     | Killed Maggie
 11809 | D:10     | Noticed a fire dragon
 11955 | D:10     | Reached skill level 15 in Spellcasting
 12322 | D:10     | Found a shadowy altar of Dithmenos.
 12929 | D:10     | Killed a fire dragon
 13500 | D:11     | Noticed a two-headed ogre
 13518 | D:11     | Killed a two-headed ogre
 13838 | D:11     | Noticed a four-headed hydra
 13846 | D:11     | Killed a four-headed hydra
 14033 | D:11     | Noticed a two-headed ogre
 14041 | D:11     | Killed a two-headed ogre
 14183 | D:11     | Reached XP level 12. HP: 66/66 MP: 25/33
 14472 | D:11     | Noticed a two-headed ogre
 14480 | D:11     | Killed a two-headed ogre
 14481 | D:11     | Reached skill level 16 in Spellcasting
 14982 | D:12     | Found a runed translucent gate.
 14983 | D:12     | Found a runed translucent gate.
 14983 | D:12     | Found a runed translucent gate.
 14983 | D:12     | Identified the +4 plate armour "Daneymid" {rF+ rC+ rN+
                  | Stlth+}
 14984 | D:12     | Noticed Woshoism's ghost (journeyman HuFi)
 15044 | D:12     | Reached **** piety under Vehumet
 15046 | D:12     | Noticed a two-headed ogre
 15069 | D:12     | Noticed a six-headed hydra
 15161 | D:12     | Offered knowledge of Hailstorm by Vehumet.
 15162 | D:12     | Reached skill level 10 in Conjurations
 15351 | D:12     | Killed a six-headed hydra
 15568 | D:12     | Killed a two-headed ogre
 16125 | D:12     | Noticed a tengu reaver
 16141 | D:12     | Slain by a tengu reaver

Illustrated notes

Levels and vault maps discovered:
D:1:      wander_arrival_fairy_ring, layout_loops_ring, serial_glass,
          glass_columns_b, glass_columns_b, ebering_ecumenical_altar_box
D:2:      layout_basic
D:3:      layout_rooms, chequers_serial_rivers_small_a, uniq_crazy_yiuf_cottage,
          uniq_ijyb
D:4:      layout_rooms, gammafunk_ghost_arena
D:5:      layout_cave_pods, minmay_temple_entry_purple_smoke, serial_rivers,
          chequers_serial_rivers_small_b, chequers_serial_rivers_micro_b,
          chequers_serial_rivers_micro_d, chequers_serial_rivers_micro_a,
          chequers_serial_rivers_micro_e, patterned_corridor
D:6:      layout_loops_cross
D:7:      layout_gridville, uniq_harold
D:8:      minmay_cut_squares, layout_loops_ring, david_lair_generic,
          serial_shops, shop_statue, kennysheep_generic_room_10
D:9:      layout_small_grid
D:10:     dragon1_lemuel, layout_stronghold, nicolae_dithmenos_the_darkroom,
          erik_orc_1, kennysheep_cluttered_room, uniq_maggie
D:11:     layout_basic
D:12:     layout_long_grid, biasface_ghost_orc_armoury, kennysheep_just_a_vault
Temple:   compressed_dpeg_triangle_lava_temple

Skill      XL: |  1  2  3  4  5  6  7  8  9 10 11 12 |
---------------+-------------------------------------+-----
Spellcasting   | 5 6 7 8 10 12 14 15 16 | 16.6
Armour         | 1 3 4 |  4.1
Fighting       | 1 2 4 |  4.6
Conjurations   | 2 3 4 5 7 8 9 10 | 10.3
Fire Magic     | 1 |  1.1
Dodging        | 3 |  3.0
Air Magic      | 1 |  1.0
Stealth        | 3 |  3.2
Poison Magic   | 1 |  1.0
Evocations     | 1 |  1.0
Earth Magic    | 1 3 |  3.8
Summonings     | 2 4 6 7 9 |  9.0
Shields        | 1 2 3 4 |  4.0
Translocations | |  1.1

Action                   |  1- 3 |  4- 6 |  7- 9 | 10-12 || total
-------------------------+-------+-------+-------+-------++-------
Melee: Short sword       |    24 |    23 |    35 |       ||    82
       Rapier            |       |       |    15 |    55 ||    70
 Cast: Magic Dart        |    89 |   131 |    13 |     1 ||   234
       Mephitic Cloud    |     1 |     5 |    16 |    38 ||    60
       Call Imp          |       |     2 |     5 |     1 ||     8
       Shock             |       |     7 |    30 |       ||    37
       Conjure Flame     |       |     1 |    11 |    31 ||    43
       Stone Arrow       |       |       |    25 |   149 ||   174
       Blink             |       |       |     2 |     2 ||     4
       Foxfire           |       |       |    42 |    92 ||   134
       Shadow Creatures  |       |       |       |     6 ||     6
Evoke: Wand              |       |       |       |     5 ||     5
 Stab: Confused          |     1 |     4 |     4 |     4 ||    13
Armor: Robe              |    10 |     1 |       |       ||    11
       Leather armour    |       |    14 |    33 |     5 ||    52
       Troll leather arm |       |       |       |    61 ||    61
Dodge: Dodged            |    19 |    33 |    37 |    87 ||   176

Table legend: (Time is in decaauts)
 A = Elapsed time spent in this place.
 B = Non-inter-level travel time spent in this place.
 C = Inter-level travel time spent in this place.
 D = Time resting spent in this place.
 E = Time spent auto-exploring this place.
 F = Levels seen in this place.
 G = Mean time per level.
                   A        B        C        D        E       F      G
               +--------+--------+--------+--------+--------+-----+--------+
         Total |  16191 |  15525 |    666 |   1565 |  11598 |  13 | 1245.5 |
       Dungeon |  16181 |  15519 |    662 |   1565 |  11598 |  12 | 1348.4 |
        Temple |     10 |      6 |      4 |      0 |      0 |   1 |   10.0 |
               +--------+--------+--------+--------+--------+-----+--------+

Top non-repeatable levels by time:
    D:10: 2667 daAuts
     D:7: 1821 daAuts
     D:5: 1610 daAuts
    D:11: 1539 daAuts
     D:8: 1372 daAuts
     D:3: 1237 daAuts
     D:2: 1125 daAuts
    D:12: 1121 daAuts
     D:1: 1089 daAuts
     D:4: 1004 daAuts
     D:6: 978 daAuts
     D:9: 612 daAuts
  Temple: 10 daAuts
